 Dungeon Crawl Stone Soup version 0.26.0-10-g1f06aea511 (webtiles) character file.

Game seed: 7987289406460111388

1937 Borgoz the Slasher (level 9, -2/74 HPs)
             Began as a Ghoul Gladiator on Jan 14, 2021.
             Was an Initiate of Ashenzari.
             Slain by Maggie
             ... wielding the +9 lance "Wyrmbane" {slay drac, rPois rF+ rC+ AC+3}
              (10 damage)
             ... on level 7 of the Dungeon.
             The game lasted 00:07:41 (5378 turns).

Borgoz the Slasher (Ghoul Gladiator)                Turns: 5378, Time: 00:07:42

Health: -2/74      AC: 16    Str: 18    XL:     9   Next: 18%
Magic:  8/8        EV: 13    Int:  3    God:    Ashenzari [......]
Gold:   247        SH:  0    Dex: 13    Spells: 8/8 levels left

rFire    + . .     SeeInvis .   r - +2 long sword
rCold    + . .     Faith    .   (no shield)
rNeg     + + +     Spirit   .   h - +4 ring mail {rF+}
rPois    ∞         Reflect  .   p - +2 helmet
rElec    .         Harm     .   (no cloak)
rCorr    .         Rampage  .   o - +2 pair of gloves
Will     .....                  (no boots)
Stlth    +.........             (no amulet)
HPRegen  0.00/turn              (no ring)
MPRegen  0.11/turn              (no ring)

@: very slightly contaminated, invisible
A: claws 1, cold resistance 1, negative energy resistance 3, inhibited
regeneration, torment resistance, unbreathing
a: Renounce Religion, Curse Item


You were on level 7 of the Dungeon.
You worshipped Ashenzari.
Ashenzari was noncommittal.
You visited 1 branch of the dungeon, and saw 7 of its levels.

You collected 247 gold pieces.

Inventory:

Hand Weapons
 q - a +0 great sword
 r - a +2 long sword (weapon)
Armour
 h - a +4 ring mail of fire resistance (worn)
 o - a +2 pair of gloves (worn)
 p - a +2 helmet (worn)
Jewellery
 a - a +6 ring of strength
 f - the ring "Onus" {*Tele Int+5}
   (You found it on level 4 of the Dungeon)

   [ring of teleportation]

   It may teleport you next to monsters.
   It affects your intelligence (+5).
Scrolls
 c - a scroll of enchant weapon
 e - a scroll of enchant armour
 g - 5 scrolls of remove curse
 i - 6 scrolls of teleportation
 n - 2 scrolls of magic mapping
 s - a scroll of amnesia {unknown}
Potions
 b - a potion of degeneration {unknown}
 k - a potion of magic {unknown}
 l - a potion of invisibility
 m - 2 potions of haste


   Skills:
 + Level 5.6 Fighting
 * Level 6.7 Long Blades
 - Level 1.7 Throwing
 * Level 6.0 Armour
 + Level 5.1 Dodging


You had 8 spell levels left.
You didn't know any spells.
Your spell library contained the following spells:

 Spells                   Type           Power        Failure   Level
 Sting                    Tmut/Pois      0%           71%         1
 Poisonous Vapours        Pois/Air       0%           83%         2
 Ignite Poison            Fire/Tmut/Pois 0%           97%         3
 Mephitic Cloud           Conj/Pois/Air  0%           97%         3
 Olgreb's Toxic Radiance  Pois           0%           100%        4
 Metabolic Englaciation   Hex/Ice        0%           100%        5
 Freezing Cloud           Conj/Ice/Air   0%           100%        6
 Ozocubu's Refrigeration  Ice            0%           100%        6
 Simulacrum               Ice/Necr       0%           100%        6
 Ice Form                 Ice/Tmut       Unusable     N/A         4

Dungeon Overview and Level Annotations

Branches:
Dungeon (7/15)             Temple (0/1) D:5

Altars:
Ashenzari
Kikubaaqudgha
Qazlal
Ru
Uskayaw
Wu Jian

Annotations:
D:7 Maggie


Innate Abilities, Weirdness & Mutations

You thrive by killing the living.
You are immune to poison.
You have sharp fingernails.
Your flesh is cold resistant. (rC+)
You are immune to negative energy. (rN+++)
You do not regenerate when monsters are visible.
You are immune to unholy pain and torment.
You can survive without breathing.


Message History

You slash Maggie!
Maggie is heavily wounded.
Maggie zaps a wand.
You easily resist.
Unknown command.
You closely miss Maggie.
Maggie is heavily wounded.
Maggie zaps a wand.
You easily resist.
The now-empty wand crumbles to dust.
You closely miss Maggie.
Maggie is heavily wounded.
Maggie barely misses you.
You riposte.
You strike the helpless Maggie from behind!
You hit Maggie.
Maggie is heavily wounded.
You closely miss Maggie.
Maggie is heavily wounded.
Maggie hits you but does no damage.
You hit Maggie.
Maggie is severely wounded.
Maggie hits you with the +9 lance "Wyrmbane" {slay drac, rPois rF+ rC+ AC+3}!
You die...

###########
#.........#
#.........##
#...........
#..........#
#####.........##
#######.............##
#(..@@....#########...
#.........# ####
#.........# #.
#.........# ##..
#.........# ....
#........... ......
#.........### ......
#.........# ......
##.#.


You could see Maggie.

Vanquished Creatures
  Menkaure (D:7)
  Duvessa (D:4)
  A phantom (D:6)
  A sky beast (D:5)
  2 ice beasts
  2 ogres
  Dowan (D:4)
  2 bullfrogs
  A scorpion (D:5)
  4 wights (D:6)
  A hound (D:5)
  A centaur skeleton (D:5)
  3 bullfrog skeletons
  2 iguanas (D:5)
  3 orc wizards
  Natasha (thrice) (D:3)
  2 worker ants
  A killer bee zombie (D:5)
  A howler monkey skeleton (D:5)
  16 adders
  A gnoll (D:1)
  2 shadow imps
  2 white imps (D:5)
  2 ufetubi
  9 worms
  5 dart slugs
  5 leopard geckos
  15 orcs
  9 giant cockroaches
  10 goblins
  11 hobgoblins
  7 jackals
  4 kobolds
  3 quokkas
  2 ball pythons
  4 bats
  11 frilled lizards
  3 jackal skeletons
  A leopard gecko skeleton (D:4)
  10 rats
165 creatures vanquished.

Notes
Turn   | Place    | Note
-------+----------+-------------------------------------------
     0 | D:1      | Borgoz the Ghoul Gladiator began the quest for the Orb.
     0 | D:1      | Reached XP level 1. HP: 17/17 MP: 0/0
   165 | D:1      | Reached XP level 2. HP: 20/24 MP: 1/1
   381 | D:1      | Reached skill level 1 in Armour
   658 | D:1      | Reached XP level 3. HP: 30/30 MP: 2/2
  1241 | D:2      | Reached XP level 4. HP: 36/37 MP: 3/3
  1508 | D:2      | Reached XP level 5. HP: 44/44 MP: 4/4
  1887 | D:2      | Found a hide-covered altar of Uskayaw.
  2184 | D:3      | Found a stormy altar of Qazlal.
  2422 | D:3      | Noticed Natasha
  2432 | D:3      | Killed Natasha
  2433 | D:3      | Reached XP level 6. HP: 40/51 MP: 5/5
  2562 | D:3      | Noticed Natasha
  2567 | D:3      | Killed Natasha
  2858 | D:3      | Found an ancient bone altar of Kikubaaqudgha.
  2858 | D:3      | Found an ornate altar of the Wu Jian Council.
  2911 | D:3      | Noticed Natasha
  2917 | D:3      | Killed Natasha
  2951 | D:3      | Found a sacrificial altar of Ru.
  3080 | D:4      | Noticed Duvessa
  3084 | D:4      | Noticed Dowan
  3116 | D:4      | Killed Duvessa
  3141 | D:4      | Killed Dowan
  3142 | D:4      | Reached XP level 7. HP: 43/58 MP: 6/6
  3307 | D:4      | Reached skill level 5 in Long Blades
  3507 | D:4      | Got a fine ivory ring
  3508 | D:4      | Identified the ring "Onus" {*Tele Int+5} (You found it on
                  | level 4 of the Dungeon)
  3739 | D:5      | Entered Level 5 of the Dungeon
  4047 | D:5      | Reached XP level 8. HP: 49/67 MP: 7/7
  4377 | D:5      | Found a staircase to the Ecumenical Temple.
  4399 | D:5      | Reached skill level 5 in Armour
  4717 | D:6      | Reached skill level 5 in Fighting
  4874 | D:6      | Found a broken altar of Ashenzari.
  4906 | D:6      | Reached XP level 9. HP: 65/74 MP: 8/8
  4911 | D:6      | Became a worshipper of Ashenzari the Shackled
  4925 | D:6      | Reached skill level 5 in Dodging
  5327 | D:7      | Noticed Menkaure
  5334 | D:7      | Killed Menkaure
  5344 | D:7      | Noticed Maggie
  5358 | D:7      | Paralysed by Maggie for 7 turns
  5369 | D:7      | Paralysed by Maggie for 5 turns
  5378 | D:7      | Slain by Maggie

Illustrated notes

Levels and vault maps discovered:
D:1:      dpeg_arrival_ratfight, layout_basic
D:2:      layout_rooms, nicolae_overflow_hidden_temple
D:3:      layout_basic, marbit_many_paths, grunt_temple_overflow_open,
          uniq_natasha
D:4:      layout_rooms, corexii_shack, grunt_decor_cap, minmay_checkerbox,
          uniq_duvessa
D:5:      layout_rooms, minmay_temple_entry_from_below_b
D:6:      layout_cave_pools, basic_altar
D:7:      layout_rooms, old_standard_altar, lightli_minifort, uniq_harold,
          uniq_menkaure, uniq_maggie

Skill      XL: |  1  2  3  4  5  6  7  8  9 |
---------------+----------------------------+-----
Long Blades    | 3 4 5 6 |  6.7
Armour         | 1 2 3 4 5 6 |  6.0
Dodging        | 3 4 5 |  5.1
Fighting       | 3 4 5 |  5.6
Throwing       | |  1.7

Action                   |  1- 3 |  4- 6 |  7- 9 || total
-------------------------+-------+-------+-------++-------
Melee: Long sword        |    88 |   218 |   268 ||   574
Throw: Throwing net      |       |       |     3 ||     3
  Use: Potion            |     1 |     2 |     2 ||     5
       Scroll            |       |    10 |     6 ||    16
 Stab: Invisible         |       |       |     1 ||     1
Armor: Leather armour    |    29 |    88 |       ||   117
       Ring mail         |       |       |   151 ||   151
Dodge: Dodged            |    72 |   195 |   209 ||   476
       Rpst.: Long sword |    21 |    61 |    60 ||   142
